details: 'DeathCumz2uBich pt. II'

« prev index next »

General information

Mini Map

Players

team 1
Random» HumanRAPEDBYWOLVES (orange | 45 APM | 701 actions | 15:33)
Hero icon 5 Paladin
Ability icon 2 Holy Light
Ability icon 3 Devotion Aura

» actions
Assign group hotkey20
Basic commands2
Build / train41
Enter build submenu18
Enter hero's abilities submenu6
Right click389
Select / deselect176
Select group hotkey13
Use ability36
701 total
» units
Peasant8
Rifleman10
Mortar Team5
23 total
» upgrades
Gunpowder2
Armor3
Long Rifles1
Fragmentation Shards1
7 total
» buildings
Barracks1
Farm8
Altar of Kings1
Blacksmith1
Arcane Vault1
Keep1
Lumber Mill1
Castle1
Workshop2
17 total
» build order
00:12 Barracks
00:24 Farm
00:26 Altar of Kings
01:31 Farm
02:06 Blacksmith
02:15 Farm
02:29 Farm
02:41 Arcane Vault
03:45 Keep
03:52 Farm
04:26 Lumber Mill
04:59 Farm
06:41 Castle
07:42 Workshop
07:48 Workshop
12:29 Farm
12:31 Farm
» items
Scroll of Town Portal1
Orb of Fire1
Scroll of Regeneration1
3 total
Orcpro_orc_master (purple | 55 APM | 861 actions | 15:33)
Hero icon 4 Blademaster
Ability icon 2 Wind Walk
Ability icon 2 Critical Strike
Hero icon 2 Paladin
Ability icon 1 Devotion Aura
Ability icon 1 Holy Light

» actions
Basic commands7
Build / train72
Enter build submenu29
Enter hero's abilities submenu7
Remove unit from queue2
Right click488
Select / deselect203
Use ability53
861 total
» units
Peon14
Peasant6
Footman6
Troll Headhunter/Berserker4
Kodo Beast8
Knight11
Demolisher1
50 total
» upgrades
Spiked Barricades1
Defend1
Ranged Weapons2
Troll Regeneration1
Animal War Training1
Swords1
Plating1
Armor1
9 total
» buildings
Farm6
Barracks3
War Mill2
Orc Burrow7
Altar of Storms1
Lumber Mill1
Voodoo Lounge2
Arcane Tower0
Guard Tower1
Keep2
Stronghold1
Blacksmith1
Beastiary2
29 total
» build order
00:30 Farm
00:34 Barracks
00:47 War Mill
00:59 Orc Burrow
01:28 Altar of Storms
01:41 Lumber Mill
02:29 Orc Burrow
02:45 Voodoo Lounge
03:22 Arcane Tower
03:27 Guard Tower
03:39 Keep
03:39 Keep
04:01 Barracks
04:27 Stronghold
04:33 Orc Burrow
05:22 Voodoo Lounge
05:27 Orc Burrow
05:37 War Mill
06:24 Blacksmith
06:58 Beastiary
07:03 Beastiary
08:40 Orc Burrow
09:28 Barracks
09:30 Farm
09:31 Farm
09:32 Farm
09:42 Orc Burrow
09:44 Orc Burrow
10:45 Farm
11:21 Farm
UndeadCliff.Racer (pink | 53 APM | 821 actions | 15:35)
Hero icon 5 Crypt Lord
Ability icon 3 Carrion Beetles
Ability icon 2 Spiked Carapace
Hero icon 3 Paladin
Ability icon 2 Holy Light
Ability icon 1 Divine Shield

» actions
Assign group hotkey17
Basic commands6
Build / train53
Enter build submenu18
Enter hero's abilities submenu8
Right click255
Select / deselect208
Select group hotkey204
Use ability52
821 total
» units
Acolyte2
Footman2
Ghoul3
Crypt Fiend8
Ogre Mauler1
Abomination3
19 total
» upgrades
Creature Attack3
Masonry2
Creature Carapace1
Web1
Unholy Armor1
Ghoul Frenzy1
Disease Cloud1
Unholy Strength1
Cannibalize1
Burrow1
13 total
» buildings
Altar of Darkness1
Ziggurat5
Crypt1
Graveyard1
Nerubian Tower3
Farm4
Scout Tower2
Arcane Tower1
Spirit Tower2
Tomb of Relics1
Blacksmith1
Halls of the Dead1
Castle1
Black Citadel1
Slaughterhouse1
26 total
» build order
00:07 Altar of Darkness
00:09 Ziggurat
00:39 Crypt
00:56 Graveyard
01:06 Nerubian Tower
01:06 Nerubian Tower
01:07 Nerubian Tower
01:15 Farm
01:30 Ziggurat
01:54 Farm
02:17 Scout Tower
02:46 Arcane Tower
02:49 Scout Tower
03:18 Spirit Tower
03:19 Ziggurat
04:38 Tomb of Relics
05:08 Farm
05:10 Farm
05:19 Blacksmith
05:31 Halls of the Dead
06:05 Castle
06:46 Ziggurat
07:11 Spirit Tower
08:13 Black Citadel
08:16 Slaughterhouse
12:35 Ziggurat
» items
Rod of Necromancy1
Scroll of Regeneration1
2 total
HumanUnrequited-Love (green | 56 APM | 10 actions | 00:10)

» actions
Build / train2
Enter build submenu1
Right click3
Select / deselect3
Use ability1
10 total
» units
Peasant2
2 total
» buildings
Altar of Kings1
1 total
» build order
00:08 Altar of Kings
team 2
NightElfDeathCumz2uBich (red | 25 APM | 365 actions | 14:46)
Hero icon 3 Priestess of the Moon
Ability icon 2 Searing Arrows
Ability icon 1 Trueshot Aura
Hero icon 1 Keeper of the Grove
Ability icon 1 Entangling Roots

» actions
Basic commands3
Build / train56
Enter build submenu20
Enter hero's abilities submenu4
Right click86
Select / deselect154
Use ability42
365 total
» units
Wisp20
Archer11
Dryad2
Mountain Giant1
34 total
» upgrades
Ultravision1
Strength of the Wild2
Reinforced Hides2
Abolish Magic1
6 total
» buildings
Moon Well4
Altar of Elders1
Ancient of War1
Ancient of Wonders1
Hunter's Hall1
Tree of Life2
Tree of Ages1
Ancient Protector4
Tree of Eternity1
Ancient of Lore2
18 total
» build order
00:22 Moon Well
00:42 Altar of Elders
00:59 Ancient of War
01:33 Moon Well
02:11 Ancient of Wonders
02:33 Moon Well
03:03 Hunter's Hall
04:04 Tree of Life
04:28 Tree of Ages
04:37 Moon Well
04:42 Ancient Protector
04:49 Ancient Protector
09:05 Tree of Life
09:19 Tree of Eternity
09:33 Ancient of Lore
09:39 Ancient of Lore
09:46 Ancient Protector
09:53 Ancient Protector
» items
Moonstone2
Lesser Clarity Potion1
Potion of Healing2
Orb of Venom1
Scroll of Town Portal1
7 total
Random» OrcSTD_Maker (yellow | 25 APM | 386 actions | 15:33)
Hero icon 3 Far Seer
Ability icon 1 Feral Spirit
Ability icon 2 Chain Lighting

» actions
Basic commands2
Build / train32
Enter build submenu14
Enter hero's abilities submenu3
Right click158
Select / deselect144
Use ability33
386 total
» units
Peon15
Grunt5
Tauren2
22 total
» upgrades
Melee Weapons2
Armor1
Pulverize1
4 total
» buildings
Orc Burrow5
Altar of Storms1
Barracks1
War Mill1
Stronghold1
Fortress1
Voodoo Lounge1
Tauren Totem2
13 total
» build order
00:04 Orc Burrow
00:06 Altar of Storms
00:17 Barracks
02:46 Orc Burrow
04:01 War Mill
04:39 Stronghold
05:19 Orc Burrow
07:04 Fortress
09:21 Voodoo Lounge
09:27 Tauren Totem
11:33 Tauren Totem
13:14 Orc Burrow
13:14 Orc Burrow
Undead9-11MADEMLAUGH (teal | 1 APM | 21 actions | 15:19)

» actions
Basic commands7
Right click3
Select / deselect8
Use ability3
21 total
Random» NigersAreSlaves (blue | 0 APM | 0 actions | 08:27)

Chat log

(00:15 / Allies) pro_orc_master: dok
(00:16 / Allies) Cliff.Racer: dont leave nioger is afker
(00:17 / Allies) pro_orc_master: i got em
(00:22 / Allies) Cliff.Racer: nigerisslaves afked before, I played him
(00:35 / Allies) Cliff.Racer: it's 3v3 effectively right now because niger is afk, plus we can control the elaver
(00:43 / Allies) RAPEDBYWOLVES: yup
(00:59 / All) 9-11MADEMLAUGH: I
(01:01 / All) 9-11MADEMLAUGH: fucking hate
(01:02 / Allies) RAPEDBYWOLVES: purple\\play\
(01:02 / All) 9-11MADEMLAUGH: soldiers
(01:10 / All) 9-11MADEMLAUGH: And why the fuck do people give such a shit when they die
(01:16 / All) STD_Maker: ^
(01:25 / All) 9-11MADEMLAUGH: all the other ants gather around to drag it off
(01:29 / All) 9-11MADEMLAUGH: makes no fucking sense
(01:37 / All) STD_Maker: Agreed
(01:40 / All) 9-11MADEMLAUGH: frankly, I laugh when a soldier dies
(01:52 / All) 9-11MADEMLAUGH: Like I died when people were falling off the World Trade
(01:58 / All) STD_Maker: OLOL
(02:12 / All) 9-11MADEMLAUGH: "WE DIDN'T FIND BODIES, JUST BODY PARTS"
(02:14 / All) 9-11MADEMLAUGH: hahahaha
(02:16 / All) 9-11MADEMLAUGH: I was laughing
(02:18 / All) 9-11MADEMLAUGH: so fucking hard
(02:21 / Allies) Cliff.Racer: ez win
(02:35 / All) STD_Maker: He's not twisted lol, Goverment is twisted.
(02:39 / All) 9-11MADEMLAUGH: No
(02:48 / All) pro_orc_master: ron paul is twisted
(02:52 / All) STD_Maker: LOL
(02:55 / All) 9-11MADEMLAUGH: I'm not into that whole "government conspiraccy" bullshit
(03:01 / Allies) RAPEDBYWOLVES: rofl
(03:03 / Allies) RAPEDBYWOLVES: it
(03:03 / All) 9-11MADEMLAUGH: I just think terrorism is unny.
(03:04 / All) 9-11MADEMLAUGH: funny.
(03:06 / All) RAPEDBYWOLVES: it isnt bullshit
(03:10 / All) 9-11MADEMLAUGH: rofl
(03:12 / All) RAPEDBYWOLVES: google mark klien
(03:15 / All) 9-11MADEMLAUGH: heeeere we go
(03:16 / All) 9-11MADEMLAUGH: rofl
(03:20 / All) STD_Maker: Lol but they werent even sand niggers that attacked on 911 LOL
(03:21 / All) 9-11MADEMLAUGH: is he the guy behind MKULTRA?
(03:28 / All) Cliff.Racer: that was a CIA director
(03:31 / All) Cliff.Racer: mkultra is long dead
(03:39 / All) 9-11MADEMLAUGH: rofl
(03:45 / All) 9-11MADEMLAUGH: that's what THEY tell you
(04:29 / All) 9-11MADEMLAUGH: Vince beat up a hooker?
(04:33 / All) 9-11MADEMLAUGH: lol
(04:36 / All) STD_Maker: LOL
(04:36 / All) 9-11MADEMLAUGH: what are you torrenting?
(04:45 / All) 9-11MADEMLAUGH: ..
(04:47 / All) 9-11MADEMLAUGH: obv
(04:50 / All) 9-11MADEMLAUGH: WHAT MOVIES

(06:47 / All) 9-11MADEMLAUGH: how did that black dude die
(06:49 / All) 9-11MADEMLAUGH: Bernie Mac
(07:06 / All) 9-11MADEMLAUGH: too much grease from all that KFc?
(07:21 / All) 9-11MADEMLAUGH: Have you guys read that book called A Child Called IT?
(07:23 / All) 9-11MADEMLAUGH: loool
(07:28 / All) 9-11MADEMLAUGH: I laughed soooo fucking hard dude
(07:30 / All) STD_Maker: ROFL YEAH
(07:33 / All) 9-11MADEMLAUGH: hahahah
(07:39 / All) 9-11MADEMLAUGH: I haven't read that book yet but
(07:40 / All) 9-11MADEMLAUGH: sequal
(07:41 / All) STD_Maker: Lame book Lol
(07:45 / All) 9-11MADEMLAUGH: and the one his brother wrote
(07:47 / All) 9-11MADEMLAUGH: really?
(07:52 / All) STD_Maker: yeah lol
(07:53 / All) 9-11MADEMLAUGH: I thought it was funny and arousing.
(07:58 / All) STD_Maker: LOl
(08:12 / All) 9-11MADEMLAUGH: I'm serious I wanna get my ass kicked by a crazy maternal figure ^^
(08:26 / Allies) Cliff.Racer: 4v2
(08:32 / All) 9-11MADEMLAUGH: I can't believe she stabbe him tho I mean
(08:33 / All) 9-11MADEMLAUGH: lol
(08:45 / All) 9-11MADEMLAUGH: know what I mean?
(08:51 / All) pro_orc_master: idc what u say ur a dumb fuck
(08:57 / All) 9-11MADEMLAUGH: why was she so abusive? was her mothetr that way?
(08:59 / All) STD_Maker: You're just jealous.
(09:00 / All) pro_orc_master: if u think ppl dieing is funny something is wrong with u
(09:04 / All) 9-11MADEMLAUGH: haha Purple's a patriot
(09:08 / All) 9-11MADEMLAUGH: hahaha
(09:08 / All) STD_Maker: LOL
(09:17 / All) 9-11MADEMLAUGH: why was his mother o abusive?
(09:57 / Allies) Cliff.Racer: CAREFUL

(11:18 / Allies) Cliff.Racer: ?
(11:38 / Allies) Cliff.Racer: check for expos
(12:08 / All) 9-11MADEMLAUGH: DIE PURPLE
(12:23 / Allies) Cliff.Racer: gj
(12:44 / All) pro_orc_master: your a sad person teal
(12:51 / All) 9-11MADEMLAUGH: thank you
(12:51 / All) STD_Maker: Teals not sad.
(12:56 / All) 9-11MADEMLAUGH: but it's you're.
(12:57 / All) pro_orc_master: yes he is
(13:00 / All) 9-11MADEMLAUGH: ^^
(13:13 / All) 9-11MADEMLAUGH: Contradictions are hard, huh, Purple?
(13:39 / Allies) pro_orc_master: \
(13:41 / All) pro_orc_master: ur so bad at wc
(13:54 / All) Cliff.Racer: red is awful, I backstabbed him before and raeped him
(13:56 / All) STD_Maker: Lol? 2v4 were did pretty good imo.
(13:58 / All) Cliff.Racer: uploaded it to highperch some time ago
(14:05 / All) 9-11MADEMLAUGH: lol Pink.
(14:11 / All) Cliff.Racer: ??
(14:13 / Allies) RAPEDBYWOLVES: TROLOLOLO
(14:16 / Allies) RAPEDBYWOLVES: UMAID?
(14:22 / Allies) Cliff.Racer: ?
(14:34 / All) 9-11MADEMLAUGH: Pink do you know My Heart will go On?
(14:42 / All) 9-11MADEMLAUGH: I beeeelieeeeeev that the heart does go oooonnnnn
(14:43 / All) 9-11MADEMLAUGH: yes?
(14:51 / All) RAPEDBYWOLVES: i think they maid
(14:51 / All) STD_Maker: GG
(14:57 / All) Cliff.Racer: gg
(15:01 / All) pro_orc_master: bye noob
(15:05 / All) Cliff.Racer: you were alright yellow
(15:07 / All) Cliff.Racer: it's just red
(15:09 / All) 9-11MADEMLAUGH: lol
(15:10 / All) 9-11MADEMLAUGH: GG
(15:12 / All) 9-11MADEMLAUGH: CLAN STH
(15:13 / All) 9-11MADEMLAUGH: CLAN STH
(15:15 / All) 9-11MADEMLAUGH: gg man
(15:16 / All) STD_Maker: Lol
(15:18 / All) pro_orc_master: no yellow was trash
(15:32 / Allies) Cliff.Racer: you're right